 Dungeon Crawl Stone Soup version 0.32-a0-586-gd5c3ca0 (webtiles) character file.

Game seed: 781083923929417634

931 UltraSeven the Trooper (level 7, -4/99 HPs)
             Began as a Minotaur Berserker on Mar 2, 2024.
             Was a Priest of Trog.
             Slain by a gnoll
             ... wielding a +0 spear
              (6 damage)
             ... on level 5 of the Dungeon.
             The game lasted 00:08:19 (4312 turns).

UltraSeven the Trooper (Minotaur Berserker)         Turns: 4312, Time: 00:08:19

Health: -4/99      AC:  2    Str: 21    XL:     7   Next: 86%
Magic:  6/6        EV: 12    Int:  4    God:    Trog [***...]
Gold:   193        SH:  4    Dex: 16    Spells: 6/6 levels left

rFire   . . .        a - +4 war axe of the Grand God {holy, rPois Dex+4}
rCold   . . .        w - +0 buckler
rNeg    . . .        b - +0 animal skin
rPois   +            (helmet restricted)
rElec   .            (no cloak)
rCorr   .            (no gloves)
SInv    .            (no boots)
Will    .....        (no amulet) Stlth
                     p - +4 ring of slaying
HPRegen 0.36/turn    (no ring)
MPRegen 0.10/turn

%: no passive effects
@: berserking, very quick
A: horns 2, retaliatory headbutt
a: Renounce Religion, Berserk, Trog's Hand


You were on level 5 of the Dungeon.
You worshipped Trog.
Trog was most pleased with you.
You visited 1 branch of the dungeon, and saw 5 of its levels.

You collected 229 gold pieces.
You spent 36 gold pieces at shops.

Inventory:

Hand Weapons
 a - the +4 war axe of the Grand God (weapon) {holy, rPois Dex+4}
   (You found it on level 4 of the Dungeon)

   Dex+4:     It affects your dexterity (+4).
   rPois:     It protects you from poison.
Missiles
 n - 8 poisoned darts (quivered)
 t - 2 throwing nets
Armour
 b - a +0 animal skin (worn)
 l - the +1 leather armour of Parlour Games {Will+++ Str-4}
   (You found it on level 2 of the Dungeon)

   Str-4:     It affects your strength (-4).
   Will+++:   It greatly increases your willpower.
 w - a +0 buckler (worn)
Jewellery
 p - a +4 ring of slaying (left hand)
Talismans
 d - a storm talisman
Wands
 o - a wand of flame (21)
Scrolls
 f - 2 scrolls of poison {unknown}
 g - 4 scrolls of identify {unknown}
 h - 3 scrolls of fog {unknown}
 i - a scroll of vulnerability {unknown}
 m - 2 scrolls of teleportation {unknown}
 q - a scroll of summoning {unknown}
 r - 3 scrolls of immolation {unknown}
 u - a scroll of torment {unknown}
 x - a scroll of revelation {unknown}
Potions
 c - a potion of mutation {unknown}
 e - 3 potions of curing
 j - a potion of brilliance {unknown}
 k - a potion of might {unknown}
 s - a potion of invisibility {unknown}
 v - a potion of haste {unknown}


   Skills:
 + Level 7.2 Fighting
 - Level 3.9 Axes
 - Level 2.6 Armour
 - Level 2.1 Dodging
 * Level 5.3 Shapeshifting


You had 6 spell levels left.
You didn't know any spells.
Your spell library contained the following spells:

 Spells                   Type           Power      Damage    Failure   Level
 Inner Flame              Hex/Fire       0%         N/A       91%         3
 Irradiate                Conj/Alch      0%         3d11      100%        5
 Ignition                 Fire           0%         3d3       100%        8


Dungeon Overview and Level Annotations

Branches:
Dungeon (5/15) Zot: 25648
 Temple: D:4-7

Altars:
Kikubaaqudgha
Uskayaw

Shops:
D:2 *


Innate Abilities, Weirdness & Mutations

You have a pair of horns on your head.
You reflexively headbutt those who attack you in melee.


Message History

You feel yourself moving faster!
You feel mighty!
Blork the orc hits you with a +0 hand axe.
* * * LOW HITPOINT WARNING * * *
The gnoll hits you with a +2 whip of electrocution.
* * * LOW HITPOINT WARNING * * *
The gnoll hits you from afar with a +0 spear.
* * * LOW HITPOINT WARNING * * *
The phantom hits you.
* * * LOW HITPOINT WARNING * * *
The phantom blinks!
You blink.
Now you have [4/96] HP You slash the jelly!
Your hands burn!
* * * LOW HITPOINT WARNING * * *
The jelly is almost dead.
You slash the phantom!
The phantom convulses!
You destroy the phantom!
Trog accepts your kill.
You slash the gnoll!
You kill the gnoll!
Trog accepts your kill.
Your Shapeshifting skill increases to level 5!
You take 3 HP, and have [1/96] HP Unknown command.
You slash the bombardier beetle! You headbutt the bombardier beetle.
You kill the bombardier beetle!
Trog accepts your kill.
You slash the jelly!
You feel the power of Trog in you as your rage grows.
You kill the jelly!
Trog accepts your kill.
Your Fighting skill increases to level 7!
Unknown command.
You slice Blork the orc!!
You feel the power of Trog in you as your rage grows.
You kill Blork the orc!
Trog accepts your kill.
Trog appreciates your killing of a magic user.
Unknown command.
The gnoll hits you with a +0 spear.
You die...

... #.......#
....#.#._.#.#
....#.......###
..............##.
........ß.........
......ßo..ß......#
##..)..........#
+..ß.g@..ß.....
....##...))........
....#...ß...ß..##..
....<.....ß.)..#
#.............#
+............##
#............#
#............#
##'#######


You could see a gnoll and an orc.

Vanquished Creatures
  An ogre (D:4)
  2 phantoms (D:5)
  Blork the orc (D:5)
  3 scorpions (D:4)
  A vampire bat (D:3)
  A jelly (D:5)
  A bombardier beetle (D:5)
  An orc priest (D:4)
  2 iguanas (D:4)
  Natasha (thrice) (D:2)
  5 adders
  6 gnolls
  2 ufetubi (D:4)
  A ribbon worm (D:4)
  3 dart slugs
  7 orcs
  A bat skeleton (D:3)
  4 bat zombies (D:3)
  7 endoplasms
  2 giant cockroaches (D:2)
  6 goblins
  6 hobgoblins
  2 jackals (D:1)
  6 kobolds
  5 quokkas
  5 ball pythons
  5 bats
  5 frilled lizards
  6 rats
100 creatures vanquished.

Notes
Turn   | Place    | Note
-------+----------+-------------------------------------------
     0 | D:1      | UltraSeven the Minotaur Berserker began the quest for the
                  | Orb.
     0 | D:1      | Reached XP level 1. HP: 19/19 MP: 0/0
   505 | D:1      | Reached XP level 2. HP: 27/27 MP: 1/1
   869 | D:1      | Reached skill level 4 in Fighting
  1289 | D:1      | You fall into a shaft and drop 1 floor!
  1316 | D:2      | Reached skill level 1 in Shapeshifting
  1316 | D:2      | Reached XP level 3. HP: 33/33 MP: 2/2
  1581 | D:2      | Found Pihucoatt's General Store.
  1584 | D:2      | Identified the +1 leather armour of Parlour Games {Will+++
                  | Str-4}
  1592 | D:2      | Bought a potion of curing for 36 gold pieces
  1816 | D:2      | Noticed Natasha
  1822 | D:2      | Killed Natasha
  1823 | D:2      | Reached XP level 4. HP: 15/41 MP: 3/3
  2063 | D:2      | Noticed Natasha
  2075 | D:2      | Killed Natasha
  2194 | D:2      | Noticed Natasha
  2201 | D:2      | Killed Natasha
  2202 | D:2      | Reached XP level 5. HP: 38/47 MP: 4/4
  2234 | D:2      | You fall into a shaft and drop 1 floor!
  2307 | D:3      | Reached skill level 5 in Fighting
  2414 | D:3      | Reached ** piety under Trog
  2762 | D:3      | Found an ancient bone altar of Kikubaaqudgha.
  3322 | D:4      | Reached XP level 6. HP: 54/56 MP: 5/5
  3466 | D:4      | Reached skill level 6 in Fighting
  3487 | D:4      | Reached XP level 7. HP: 57/63 MP: 6/6
  3699 | D:4      | Identified the +4 war axe of the Grand God {holy, rPois
                  | Dex+4}
  4090 | D:4      | Reached *** piety under Trog
  4255 | D:5      | Entered Level 5 of the Dungeon
  4304 | D:5      | Noticed Blork the orc
  4305 | D:5      | Found a hide-covered altar of Uskayaw.
  4308 | D:5      | HP: 4/96 [phantom (4)]
  4309 | D:5      | HP: 1/96 [acid (3)]
  4310 | D:5      | Reached skill level 5 in Shapeshifting
  4311 | D:5      | Reached skill level 7 in Fighting
  4311 | D:5      | Killed Blork the orc
  4312 | D:5      | Slain by a gnoll

Illustrated notes

Levels and vault maps discovered:
D:1:      dpeg_arrival_signposts, layout_basic
D:2:      layout_rooms, serial_shops, shop, uniq_natasha
D:3:      layout_basic, kennysheep_vampire_church, minmay_misc_feat_nine_boxes
D:4:      layout_basic, roderic_filled_cross
D:5:      layout_basic, nicolae_uskayaw_dance_hall,
          nicolae_tso_carved_into_rock, uniq_blork_the_orc, uniq_pikel

Skill      XL: |  1  2  3  4  5  6  7 |
---------------+----------------------+-----
Fighting       | 4 5 6 7 |  7.2
Shapeshifting  | 1 2 3 4 5 |  5.3
Axes           | |  3.9
Armour         | |  2.6
Dodging        | |  2.1

Action                     |  1- 3 |  4- 6 |  7- 9 || total
---------------------------+-------+-------+-------++-------
  Melee: Hand axe          |    55 |    88 |     6 ||   149
         Headbutt          |     7 |    14 |     6 ||    27
         War axe           |       |       |    19 ||    19
  Throw: Dart              |     3 |    11 |     3 ||    17
 Invoke: Berserk           |     1 |     1 |     1 ||     3
   Stab: Sleeping          |       |     2 |     1 ||     3
 Armour: Animal skin       |    29 |    56 |    27 ||   112
  Dodge: Dodged            |    21 |    65 |    16 ||   102
  Block: Buckler           |       |       |     5 ||     5

Table legend: (Time is in decaauts)
 A = Elapsed time spent in this place.
 B = Non-inter-level travel time spent in this place.
 C = Inter-level travel time spent in this place.
 D = Time resting spent in this place.
 E = Time spent auto-exploring this place.
 F = Levels seen in this place.
 G = Mean time per level.
                   A        B        C        D        E       F      G
               +--------+--------+--------+--------+--------+-----+--------+
         Total |   4351 |   4010 |    341 |    245 |   3148 |   5 |  870.2 |
       Dungeon |   4351 |   4010 |    341 |    245 |   3148 |   5 |  870.2 |
               +--------+--------+--------+--------+--------+-----+--------+

Top non-repeatable levels by time:
     D:1: 1427 daAuts
     D:4: 1179 daAuts
     D:3: 850 daAuts
     D:2: 834 daAuts
     D:5: 59 daAuts
